 Dungeon Crawl Stone Soup version 0.19-a0-1886-gd64a0f0 (webtiles) character file.

343 Amnesiac the Insei (level 6, -2/49 HPs)
             Began as a Demonspawn Monk on Oct 16, 2016.
             Was a Priest of Dithmenos.
             Slain by a wyvern (7 damage)
             ... on level 4 of the Dungeon.
             The game lasted 00:06:19 (3324 turns).

Amnesiac the Insei (Demonspawn Monk)                Turns: 3324, Time: 00:06:20

Health: -2/49      AC: 12    Str: 13    XL:     6   Next: 31%
Magic:  6/6        EV:  9    Int: 11    God:    Dithmenos [***...]
Gold:   218        SH:  0    Dex: 16    Spells: 0 memorised, 5 levels left

rFire  + + .     SeeInvis .       - Unarmed
rCold  x . .     Gourm    .     u - +0 fire dragon scales
rNeg   . . .     Faith    .     (no shield)
rPois  .         Spirit   .     d - +0 helmet
rElec  .         Dismiss  .     (no cloak)
rCorr  .         Reflect  .     (no gloves)
MR     .....     Harm     .     e - +2 pair of boots
Stlth  ..........               o - amulet of magic regeneration
                                (no ring)
                                h - +3 ring of slaying

@: wreathed by umbra
A: talons 2, spiny 1
a: Shadow Step, Renounce Religion


You were on level 4 of the Dungeon.
You worshipped Dithmenos.
Dithmenos was most pleased with you.
You were hungry.

You visited 2 branches of the dungeon, and saw 6 of its levels.

You collected 218 gold pieces.

Inventory:

Armour
 d - a +0 helmet (worn)
 e - a +2 pair of boots (worn)
 u - +0 fire dragon scales (worn)
Jewellery
 h - a +3 ring of slaying (left hand)
 o - an amulet of magic regeneration (around neck)
Scrolls
 a - 2 scrolls of amnesia
 c - a scroll of blinking
 g - a scroll of identify
Potions
 f - 2 potions of brilliance {unknown}
 j - a potion of might
 m - a potion of cure mutation {unknown}
 n - a potion of cancellation {unknown}
 p - a potion of agility {unknown}
 r - a potion of curing {unknown}
 s - a potion of heal wounds {unknown}
Comestibles
 b - 5 bread rations
 i - a royal jelly
 k - 5 fruits
 l - 5 meat rations


   Skills:
 + Level 4.3 Fighting
 - Level 2.6 Dodging
 - Level 1.7 Stealth
 * Level 5.8 Unarmed Combat


You had 5 spell levels left.
You didn't know any spells.

Dungeon Overview and Level Annotations

Branches:
Dungeon (5/15)             Temple (1/1) D:4

Altars:
Ashenzari
Cheibriados
Dithmenos
Elyvilon
Gozag
Hepliaklqana
Makhleb
Nemelex Xobeh
Okawaru
Qazlal
Ru
Sif Muna
Xom
Yredelemnul
The Shining One


Innate Abilities, Weirdness & Mutations

You have razor-sharp toenails.
You are partially covered in sharp spines.


Message History

You are too injured to fight recklessly!
You are too injured to fight recklessly!
You are too injured to fight recklessly!
You are too injured to fight recklessly!
You closely miss the sky beast.
The sky beast is heavily wounded.
The sky beast completely misses you. The wyvern is struck by your spines.
The wyvern closely misses you.
You barely miss the sky beast.
The sky beast is heavily wounded.
The wyvern bites you.
* * * LOW HITPOINT WARNING * * *
The sky beast hits you but does no damage.
You hit the wyvern but do no damage.
The wyvern is lightly wounded.
The wyvern bites you.
* * * LOW HITPOINT WARNING * * *
The sky beast barely misses you. The wyvern is struck by your spines.
The wyvern bites you!
You die...

#### ####
########
...# #..#
#......#
..##
##..#
#Y@l...#
.## #...#
#......#
##
###..##
#......#
# ##....#
#......#
###..##.#
#......##
##..###.#
#.......#
#..## #.#
####.##.#
#.## #.#
#.##.#
..#####.#
#.##.#


You could see a wyvern and a sky beast.

Vanquished Creatures
  A hound (D:4)
  An orc priest (D:3)
  Natasha (thrice) (D:2)
  2 orc wizards
  A worker ant (D:4)
  A gnoll (D:3)
  3 adders
  An ooze (D:3)
  3 worms (D:2)
  2 dart slugs (D:1)
  2 leopard geckos
  11 orcs
  3 giant cockroaches
  8 goblins
  10 hobgoblins
  6 kobolds
  A quokka (D:3)
  2 ball pythons
  7 bats
  5 frilled lizards
  5 rats
78 creatures vanquished.

Notes
Turn   | Place    | Note
-------+----------+-------------------------------------------
     0 | D:1      | Amnesiac the Demonspawn Monk began the quest for the Orb.
     0 | D:1      | Reached XP level 1. HP: 18/18 MP: 1/1
    65 | D:1      | Reached skill level 3 in Unarmed Combat
   197 | D:1      | Gained mutation: You are partially covered in sharp spines. [demonic ancestry]
   197 | D:1      | Reached XP level 2. HP: 24/24 MP: 2/2
   322 | D:2      | Found a shadowy altar of Dithmenos.
   330 | D:2      | Became a worshipper of Dithmenos the Shadowed
   330 | D:2      | Reached * piety under Dithmenos
   330 | D:2      | Reached ** piety under Dithmenos
   347 | D:2      | Noticed Natasha
   350 | D:2      | Noticed a crimson imp
   354 | D:2      | Noticed a crimson imp
   357 | D:2      | Killed Natasha
   357 | D:2      | Reached XP level 3. HP: 15/29 MP: 3/3
   407 | D:1      | Reached skill level 4 in Unarmed Combat
  1066 | D:2      | Noticed Natasha
  1072 | D:2      | Killed Natasha
  1072 | D:2      | Gained mutation: You have sharp toenails. [demonic ancestry]
  1072 | D:2      | Reached XP level 4. HP: 24/35 MP: 4/4
  1295 | D:2      | Noticed Natasha
  1305 | D:2      | Killed Natasha
  1305 | D:2      | Reached XP level 5. HP: 22/41 MP: 5/5
  1318 | D:2      | Found a stormy altar of Qazlal.
  1318 | D:2      | Found a white marble altar of Elyvilon.
  1703 | D:3      | Reached skill level 5 in Unarmed Combat
  1830 | D:3      | Reached *** piety under Dithmenos
  1842 | D:3      | Found an iron altar of Okawaru.
  2648 | D:4      | Found a deep blue altar of Sif Muna.
  2660 | D:4      | Gained mutation: You have razor-sharp toenails. [demonic ancestry]
  2660 | D:4      | Reached XP level 6. HP: 48/48 MP: 6/6
  2712 | D:4      | Found a staircase to the Ecumenical Temple.
  3040 | Temple   | Entered the Ecumenical Temple
  3312 | D:5      | Entered Level 5 of the Dungeon
  3312 | D:5      | Noticed a wyvern
  3312 | D:5      | Noticed a sky beast
  3324 | D:4      | Slain by a wyvern

Vault maps used:
D:1:      lightli_arrival_farm
D:2:      nicolae_dithmenos_shadow_blocks, gammafunk_temple_overflow_elements,
          first_bread, uniq_natasha
D:3:      okawaru_altar_gauntlet_db
D:4:      overflow_temple_1_default
D:5:      dancing_weapons_uskayaw, fedhas_bush_and_centaur_altar
Temple:   minmay_temple_curvy_loop

Skill      XL: |  1  2  3  4  5 |
---------------+----------------+-----
Unarmed Combat | 3 4 5 |  5.8
Fighting       | 4 |  4.3
Dodging        | |  2.6
Stealth        | |  1.7

Action                   |  1- 3 |  4- 6 || total
-------------------------+-------+-------++-------
Melee: Unarmed           |    69 |   117 ||   186
       Punch             |     1 |     2 ||     3
       Kick              |       |    18 ||    18
  Use: Scroll            |       |     5 ||     5
 Stab: Sleeping          |     1 |     2 ||     3
  Eat: Chunk             |       |     7 ||     7
Armor: Robe              |     2 |       ||     2
       Scale mail        |    19 |    26 ||    45
       Fire dragon scale |       |    12 ||    12
Dodge: Dodged            |    37 |    54 ||    91
